[Event "Titled Tuesday Blitz March 21 Early 2023"]
[White "Shevtchenko, Olesya"]
[Black "Bongo Akanga Ndjila, Barthelemy"]
[WhiteFideId "24131890"]
[BlackFideId "10609431"]
[WhiteElo "2003"]
[BlackElo "1768"]
[Result "0-1"]
[Round "03"]
[TimeControl "180+2"]
[Date "2023.03.21"]
[WhiteClock "0:00:13"]
[BlackClock "0:00:14"]

1. e4 e6 2. Nf3 d5 3. exd5 exd5 4. d4 Nf6 5. Bd3 Bd6 6. O-O O-O 7. Bg5 Bg4 8. c3 Nbd7 9. Nbd2 c6 10. Qc2 Qc7 11. Rae1 Rae8 12. Bh4 Bh5 13. Bg3 Bg6 14. a4 a5 15. Bf5 Bf4 16. b4 Bxg3 17. hxg3 Qd6 18. bxa5 Ra8 19. Nb3 Qa3 20. Bxg6 hxg6 21. Ra1 Qd6 22. Rfe1 Ng4 23. c4 dxc4 24. Qxc4 Qf6 25. d5 Qf5 26. dxc6 bxc6 27. Qxc6 Ndf6 28. Qb5 Qc2 29. Re2 Qc7 30. Qb6 Qd7 31. Nbd4 Rfb8 32. Qc6 Qa7 33. a6 Rb6 34. Qc4 Rxa6 35. Nb5 Qd7 36. Qc7 Qxc7 37. Nxc7 Rxa4 38. Rd1 Ra1 39. Ree1 Rxd1 40. Rxd1 Ra2 41. Rf1 Ne4 42. Nd5 Ngxf2 43. Rb1 Ng4 44. Rc1 f6 45. Nf4 g5 46. Nd3 Nxg3 47. Rc8+ Kh7 48. Rc7 Ne3 49. Nde1 Ne2+ 50. Kf2 Ng4+ 51. Kf1 Ng3+ 52. Kg1 Rf2 53. Rc4 Rf1# 0-1


[Site "https://www.chess.com"]

[Event "Titled Tuesday Blitz March 21 Early 2023"]
[White "Carrasco Miranda, Andres"]
[Black "lluiss"]
[WhiteFideId "3405990"]
[WhiteElo "2183"]
[BlackElo "2154"]
[Result "1-0"]
[Round "03"]
[TimeControl "180+2"]
[Date "2023.03.21"]
[WhiteClock "0:00:24"]
[BlackClock "0:00:04"]

1. d4 Nf6 2. c4 g6 3. g3 c6 4. Bg2 d5 5. Qa4 Bg7 6. cxd5 Nxd5 7. Nf3 Nb6 8. Qd1 O-O 9. O-O Bg4 10. e3 Qc8 11. Nc3 Rd8 12. Qc2 Na6 13. a3 Bf5 14. e4 Bg4 15. Bg5 Kf8 16. Ne2 h6 17. Be3 Qe6 18. Nf4 Qc4 19. Qxc4 Nxc4 20. b3 Nxe3 21. fxe3 Bxf3 22. Bxf3 e5 23. dxe5 Bxe5 24. Be2 Bxa1 25. Rxa1 Nc5 26. e5 Nxb3 27. Rf1 Nc5 28. Nxg6+ Kg7 29. Nh4 b5 30. Bf3 Rac8 31. Nf5+ Kg6 32. Nd6 Rc7 33. Bd1 Ne6 34. Bc2+ Kg7 35. Nf5+ Kf8 36. Nxh6 Rd2 37. Bb3 Kg7 38. Nf5+ Kf8 39. Nd6 Kg7 40. Ne8+ Kf8 41. Nxc7 1-0


[Site "https://www.chess.com"]

[Event "Titled Tuesday Blitz March 21 Early 2023"]
[White "Afanasieva, Alexandra"]
[Black "Larina, Maria"]
[WhiteFideId "34126926"]
[BlackFideId "24113182"]
[WhiteElo "1763"]
[BlackElo "1848"]
[Result "1-0"]
[Round "03"]
[TimeControl "180+2"]
[Date "2023.03.21"]
[WhiteClock "0:00:08"]
[BlackClock "0:00:03"]

1. e4 c6 2. d4 d5 3. e5 Bf5 4. h4 h5 5. Bd3 Bxd3 6. Qxd3 e6 7. Nf3 Qa5+ 8. c3 Qa6 9. Qxa6 Nxa6 10. Bg5 Ne7 11. Nbd2 c5 12. Ke2 Nf5 13. a3 Rc8 14. Rac1 Be7 15. Bf4 f6 16. b4 cxd4 17. cxd4 Kf7 18. b5 Nb8 19. a4 Nd7 20. Nb3 Nb6 21. a5 Nc4 22. Nfd2 Bb4 23. a6 bxa6 24. bxa6 Rc6 25. Rc2 Rxa6 26. Nxc4 dxc4 27. Rxc4 Ra2+ 28. Kf3 a5 29. Rc7+ Kg6 30. g4 hxg4+ 31. Kxg4 Rxf2 32. h5+ Rxh5 33. Rxh5 Rxf4+ 34. Kxf4 Kxh5 35. Rc6 g5+ 36. Ke4 fxe5 37. dxe5 a4 38. Nc1 a3 39. Rxe6 Bd2 40. Na2 Ng3+ 41. Kd3 Bf4 42. Re8 Nf5 43. Ke4 Ng7 44. Rf8 g4 45. Rxf4 g3 46. Rf1 Kg4 47. Rf7 Kh3 48. Rxg7 g2 49. Kd5 1-0


[Site "https://www.chess.com"]

[Event "Titled Tuesday Blitz March 21 Early 2023"]
[White "Vargas Rodriguez, Wilver"]
[Black "Valle Maytin, Luis Enrique"]
[WhiteFideId "3509672"]
[BlackFideId "3503666"]
[WhiteElo "2238"]
[BlackElo "2225"]
[Result "1-0"]
[Round "03"]
[TimeControl "180+2"]
[Date "2023.03.21"]
[WhiteClock "0:00:14"]
[BlackClock "0:00:09"]

1. e4 c6 2. Nc3 d5 3. d3 e5 4. g3 Nf6 5. Bg2 Bb4 6. Bd2 O-O 7. a3 Bxc3 8. Bxc3 d4 9. Bd2 Bg4 10. f3 Be6 11. Ne2 Nfd7 12. O-O f6 13. f4 c5 14. f5 Bf7 15. g4 Nc6 16. Ng3 c4 17. h4 b5 18. g5 Qb6 19. Qg4 Be8 20. Nh5 Bxh5 21. Qxh5 Nc5 22. Rf3 Qc7 23. Rg3 fxg5 24. hxg5 Rfd8 25. g6 h6 26. Bxh6 gxh6 27. f6 Ne6 28. Qxh6 Rf8 29. f7+ Rxf7 30. gxf7+ Kxf7 31. Rf1+ Ke8 32. Rg8+ Kd7 33. Rf7+ Kd6 34. Rxc7 Kxc7 35. Rxa8 1-0


[Site "https://www.chess.com"]

[Event "Titled Tuesday Blitz March 21 Early 2023"]
[White "Kaganskiy, Gleb"]
[Black "Torres Dominguez, David"]
[WhiteFideId "4132025"]
[BlackFideId "2220857"]
[WhiteElo "2165"]
[BlackElo "1999"]
[Result "0-1"]
[Round "03"]
[TimeControl "180+2"]
[Date "2023.03.21"]
[WhiteClock "0:01:11"]
[BlackClock "0:01:16"]

1. d4 e5 2. dxe5 d6 3. exd6 Bxd6 4. Nf3 Bg4 5. g3 Nc6 6. Bg2 Qd7 7. O-O O-O-O 8. Be3 h5 9. h4 f6 10. Nc3 Qe8 11. Nd5 Nge7 12. c4 Kb8 13. Qa4 Nf5 14. Nd4 Ncxd4 15. Qxe8 Nxe2+ 16. Kh2 Rhxe8 17. Bf4 Nxf4 18. Nxf4 Bxf4 19. gxf4 Nd6 20. b3 Bf5 21. Rfe1 Be4 22. Bxe4 Nxe4 23. Kg2 Nd6 24. Rad1 Nf5 25. Rxe8 Rxe8 26. Rd7 Kc8 27. Rf7 Nxh4+ 28. Kh3 Nf5 29. c5 c6 0-1


[Site "https://www.chess.com"]

[Event "Titled Tuesday Blitz March 21 Early 2023"]
[White "th3d4rkness"]
[Black "Jovic, Stanoje"]
[BlackFideId "905020"]
[WhiteElo "2125"]
[BlackElo "2236"]
[Result "0-1"]
[Round "03"]
[TimeControl "180+2"]
[Date "2023.03.21"]
[WhiteClock "0:00:01"]
[BlackClock "0:00:44"]

1. d4 Nf6 2. c4 e6 3. Nf3 b6 4. g3 Ba6 5. b3 Bb4+ 6. Bd2 Be7 7. Bg2 d5 8. Qc2 c6 9. O-O Nbd7 10. Rd1 O-O 11. Nc3 dxc4 12. e4 cxb3 13. axb3 Bb7 14. e5 Nd5 15. Nxd5 cxd5 16. h4 h6 17. Nh2 a5 18. Ng4 Qc8 19. Qd3 Ba6 20. Qf3 Qc2 21. Rac1 Qd3 22. Be3 Qf5 23. Bf4 Rac8 24. Ne3 Qh7 25. h5 Rxc1 26. Rxc1 Rc8 27. Rxc8+ Bxc8 28. Qd1 Ba6 29. Qc1 Nf8 30. Qc7 Qb1+ 31. Kh2 Bg5 32. Bxg5 hxg5 33. Nxd5 exd5 34. Bxd5 Qf5 35. Qxb6 Qxf2+ 36. Kh3 Bc8+ 37. e6 Qf5+ 0-1


[Site "https://www.chess.com"]

[Event "Titled Tuesday Blitz March 21 Early 2023"]
[White "Escanor89"]
[Black "ilya2700"]
[WhiteElo "2381"]
[BlackElo "2131"]
[Result "1-0"]
[Round "03"]
[TimeControl "180+2"]
[Date "2023.03.21"]
[WhiteClock "0:00:36"]
[BlackClock "0:00:01"]

1. e4 c5 2. Nf3 e6 3. g3 d5 4. exd5 exd5 5. Bg2 Nf6 6. O-O Nc6 7. d4 Be7 8. dxc5 Bxc5 9. Nc3 Be6 10. Bg5 O-O 11. a3 a5 12. Re1 Rc8 13. Qd2 h6 14. Bf4 Ng4 15. Re2 g5 16. Be5 Ncxe5 17. Nxe5 Bxf2+ 18. Rxf2 Nxe5 19. Nxd5 Ng4 20. Re2 Bxd5 21. Bxd5 Qb6+ 22. Kg2 Qxb2 23. Rf1 Qxa3 24. h3 Rcd8 25. hxg4 Qc5 26. Rf5 Qd6 27. c4 b5 28. cxb5 a4 29. Qa2 a3 30. Rd2 Kg7 31. Rd3 f6 32. Qxa3 Qe5 33. Rxe5 1-0


[Site "https://www.chess.com"]

[Event "Titled Tuesday Blitz March 21 Early 2023"]
[White "Mogirzan, Matei-Valeriu"]
[Black "Michalski, Olaf"]
[WhiteFideId "1257455"]
[BlackFideId "1106740"]
[WhiteElo "1733"]
[BlackElo "2173"]
[Result "1-0"]
[Round "03"]
[TimeControl "180+2"]
[Date "2023.03.21"]
[WhiteClock "0:01:01"]
[BlackClock "0:00:01"]

1. e4 c5 2. Nf3 a6 3. a3 d6 4. d4 cxd4 5. Nxd4 Nf6 6. Nc3 e5 7. Nb3 Be6 8. f4 Qc7 9. f5 Bc4 10. Bg5 Nbd7 11. Bxc4 Qxc4 12. Qf3 h6 13. Bxf6 Nxf6 14. Rd1 Be7 15. Nd2 Qc5 16. Nf1 O-O 17. Ne3 Bd8 18. O-O Bb6 19. Rfe1 Rac8 20. Kh1 Rfd8 21. Ncd5 Nxd5 22. Rxd5 Qc6 23. Ng4 f6 24. Qg3 Kh8 25. Qh4 Rd7 26. c3 1-0


[Site "https://www.chess.com"]

[Event "Titled Tuesday Blitz March 21 Early 2023"]
[White "Aung Thant Zin"]
[Black "ArtemDyachuk"]
[WhiteFideId "13000063"]
[WhiteElo "2278"]
[BlackElo "2373"]
[Result "0-1"]
[Round "03"]
[TimeControl "180+2"]
[Date "2023.03.21"]
[WhiteClock "0:00:03"]
[BlackClock "0:01:07"]

1. e4 c5 2. Nf3 d6 3. Bb5+ Nd7 4. Bxd7+ Bxd7 5. O-O Nf6 6. Re1 e5 7. c3 Bc6 8. d4 Be7 9. Nbd2 cxd4 10. cxd4 exd4 11. Nxd4 Bd7 12. Qb3 O-O 13. N2f3 Ng4 14. Bf4 b5 15. Rad1 Qb6 16. h3 Nf6 17. Nf5 Bxf5 18. exf5 Rfe8 19. Nd4 a6 20. g4 d5 21. g5 Nh5 22. Be3 Bc5 23. Qxd5 Rad8 24. Qf3 g6 25. Nc2 Qc7 26. Rxd8 Rxd8 27. Bxc5 Qxc5 28. Ne3 Ng7 29. f6 Qxg5+ 30. Ng4 Nf5 31. Qg2 Nh4 32. Qg3 h5 0-1


[Site "https://www.chess.com"]

[Event "Titled Tuesday Blitz March 21 Early 2023"]
[White "Fule, Simon"]
[Black "Singgih, Diajeng Theresa"]
[WhiteFideId "787515"]
[BlackFideId "7104391"]
[WhiteElo "2371"]
[BlackElo "1891"]
[Result "1-0"]
[Round "03"]
[TimeControl "180+2"]
[Date "2023.03.21"]
[WhiteClock "0:00:19"]
[BlackClock "0:00:24"]

1. e4 e5 2. Nf3 Nc6 3. Bb5 a6 4. Ba4 Nf6 5. O-O b5 6. Bb3 Bc5 7. a4 b4 8. Re1 O-O 9. h3 d6 10. c3 Bb7 11. d4 Bb6 12. Bg5 h6 13. Bh4 g5 14. Bg3 Re8 15. d5 Ne7 16. cxb4 Ng6 17. a5 Ba7 18. Nbd2 Nh5 19. Nf1 Ngf4 20. Kh2 Qd7 21. Ne3 Bxe3 22. fxe3 g4 23. exf4 gxf3 24. Qxf3 exf4 25. Bxf4 Nxf4 26. Qxf4 Kh7 27. e5 dxe5 28. Bc2+ Kg7 29. Rxe5 Qd6 30. Qg3+ Kh8 31. Rae1 Rg8 32. Qd3 Rg7 33. Kh1 Rag8 34. Re8 Qg6 35. Qxg6 fxg6 36. Rxg8+ Kxg8 37. Re8+ Kh7 38. Be4 Rd7 39. Kg1 Bxd5 40. Bxd5 Rxd5 41. Re7+ Kg8 42. Rxc7 Rb5 43. Rc6 Kf7 44. Rb6 Rxb4 45. Rxb4 Kf6 46. Rb6+ Kf7 47. Rxa6 Kg7 48. Rb6 Kf7 49. a6 Ke7 50. a7 1-0


[Site "https://www.chess.com"]

[Event "Titled Tuesday Blitz March 21 Early 2023"]
[White "dorpato"]
[Black "Liu, Casper"]
[BlackFideId "1454153"]
[WhiteElo "2001"]
[BlackElo "2221"]
[Result "0-1"]
[Round "03"]
[TimeControl "180+2"]
[Date "2023.03.21"]
[WhiteClock "0:00:14"]
[BlackClock "0:01:26"]

1. d4 d5 2. Nf3 e6 3. e3 Nf6 4. Bd3 c5 5. O-O c4 6. Be2 Bd6 7. b3 cxb3 8. axb3 O-O 9. Bb2 Ne4 10. Nbd2 Qf6 11. Bd3 Nxd2 12. Qxd2 Qh6 13. h3 Nd7 14. c4 Nf6 15. Ba3 Bc7 16. Bxf8 Kxf8 17. Rfe1 g5 18. e4 Bf4 19. Qb4+ Kg7 20. exd5 g4 21. hxg4 Nxg4 22. g3 Qh3 23. Re4 Bxg3 24. Ra2 Bh2+ 25. Nxh2 Qxh2+ 26. Kf1 exd5 27. cxd5 Bf5 28. Rxg4+ Bxg4 29. Qd2 Qh1# 0-1


[Site "https://www.chess.com"]

[Event "Titled Tuesday Blitz March 21 Early 2023"]
[White "Mirzanurov, Bulat"]
[Black "Vargas Pereda, Jesus Manue"]
[WhiteFideId "4184521"]
[BlackFideId "5115710"]
[WhiteElo "2019"]
[BlackElo "1914"]
[Result "1-0"]
[Round "03"]
[TimeControl "180+2"]
[Date "2023.03.21"]
[WhiteClock "0:00:58"]
[BlackClock "0:00:28"]

1. e4 c6 2. d4 d5 3. e5 Bf5 4. h4 h5 5. Bd3 Bxd3 6. Qxd3 e6 7. Nf3 Qa5+ 8. Nbd2 Qa6 9. c4 Bb4 10. O-O Bxd2 11. Nxd2 Ne7 12. a4 g6 13. b4 Nd7 14. b5 cxb5 15. cxb5 Qb6 16. Ba3 Rc8 17. a5 Qd8 18. Nb3 O-O 19. Rac1 Re8 20. g3 Nf5 21. a6 bxa6 22. bxa6 Nb6 23. Nc5 Nc4 24. Rfd1 Qa5 25. Ra1 Rb8 26. Nd7 Kg7 27. Bf8+ Rxf8 28. Rxa5 Nxa5 29. Nxb8 Rxb8 30. Qa3 Nc4 31. Qc5 1-0


[Site "https://www.chess.com"]

[Event "Titled Tuesday Blitz March 21 Early 2023"]
[White "Andreikin, Dmitry"]
[Black "Esipenko, Andrey"]
[WhiteFideId "4158814"]
[BlackFideId "24175439"]
[WhiteElo "2736"]
[BlackElo "2615"]
[Result "1/2-1/2"]
[Round "04"]
[TimeControl "180+2"]
[Date "2023.03.21"]
[WhiteClock "0:00:34"]
[BlackClock "0:01:10"]

1. d4 Nf6 2. c4 e6 3. Nf3 d5 4. g3 Bb4+ 5. Nbd2 O-O 6. Bg2 b6 7. O-O Bb7 8. Ne5 Qc8 9. cxd5 Bxd5 10. Ndf3 Be7 11. Bg5 Qb7 12. Rc1 h6 13. Bxf6 Bxf6 14. Re1 Be4 15. Qa4 c5 16. dxc5 Bxe5 17. Nxe5 Bxg2 18. c6 Qc7 19. Kxg2 Qxe5 20. c7 Qd5+ 21. e4 Qb7 22. cxb8=Q Raxb8 23. Red1 Rfd8 24. Qc6 Qxc6 25. Rxd8+ Rxd8 26. Rxc6 Rd2 27. Rc8+ Kh7 28. Rc7 f6 29. Rxa7 Rxb2 30. Rb7 Rxa2 31. Rxb6 e5 32. h4 h5 33. Rb7 1/2-1/2


[Site "https://www.chess.com"]

[Event "Titled Tuesday Blitz March 21 Early 2023"]
[White "Sjugirov, Sanan"]
[Black "Dubov, Daniil"]
[WhiteFideId "4189302"]
[BlackFideId "24126055"]
[WhiteElo "2569"]
[BlackElo "2802"]
[Result "0-1"]
[Round "04"]
[TimeControl "180+2"]
[Date "2023.03.21"]
[WhiteClock "0:00:05"]
[BlackClock "0:00:06"]

1. d4 d5 2. c4 e6 3. Nc3 Nf6 4. cxd5 exd5 5. Bg5 Be7 6. e3 O-O 7. Bd3 Re8 8. Qc2 h6 9. Bh4 c5 10. Nge2 Nc6 11. O-O cxd4 12. Nxd4 Nxd4 13. exd4 Be6 14. Qb3 Ne4 15. Bxe7 Qxe7 16. Nxd5 Bxd5 17. Qxd5 Rad8 18. Qxe4 Qxe4 19. Bxe4 Rxe4 20. f3 Rexd4 21. Rae1 Rd2 22. Rf2 Kf8 23. g3 a5 24. Ree2 R2d3 25. Kg2 g6 26. Re5 b6 27. h4 h5 28. Re4 Rc8 29. Ree2 Rcd8 30. Rc2 R8d6 31. Rce2 Kg7 32. Re4 Rf6 33. Ree2 Rf5 34. Rc2 b5 35. Rce2 a4 36. Rc2 Rfd5 37. Rce2 R5d4 38. Re5 b4 39. Ree2 b3 40. axb3 Rxb3 41. Rc2 Rdb4 42. Rcd2 f6 43. Rc2 Rb7 44. Rcd2 R7b6 45. Rc2 g5 46. hxg5 fxg5 47. Rfe2 Kg6 48. Rcd2 Rf6 49. Rf2 g4 50. fxg4 Rxf2+ 51. Kxf2 hxg4 52. Rd6+ Kf5 53. Rd2 Ke4 54. Kg2 Ke3 55. Rc2 Kd3 56. Rf2 Kc4 57. Rf4+ Kb5 58. Rxg4 Rxb2+ 59. Kh3 a3 60. Rg5+ Kc4 61. Ra5 Kb3 62. g4 a2 63. Kh4 Rc2 64. Rxa2 Rxa2 65. g5 Kc4 66. g6 Kd5 67. Kg5 Ke6 68. Kh6 Rg2 69. g7 Kf7 70. Kh7 Rh2# 0-1


[Site "https://www.chess.com"]

[Event "Titled Tuesday Blitz March 21 Early 2023"]
[White "Bluebaum, Matthias"]
[Black "Navara, David"]
[WhiteFideId "24651516"]
[BlackFideId "309095"]
[WhiteElo "2638"]
[BlackElo "2675"]
[Result "1/2-1/2"]
[Round "04"]
[TimeControl "180+2"]
[Date "2023.03.21"]
[WhiteClock "0:01:56"]
[BlackClock "0:00:49"]

1. d4 Nf6 2. c4 g6 3. Nc3 d5 4. cxd5 Nxd5 5. e4 Nxc3 6. bxc3 Bg7 7. Nf3 c5 8. Bb5+ Nc6 9. O-O O-O 10. Bxc6 bxc6 11. Qc2 cxd4 12. cxd4 Bg4 13. Ne5 Qxd4 14. Bb2 Qb6 15. Rab1 Bxe5 16. Bxe5 Qa5 17. Bc3 Qc5 18. Qb2 a5 19. Bd4 Qb4 20. Qa1 Qd6 21. Qc3 Be2 22. Rfe1 Bb5 23. a4 Bxa4 24. Bh8 f6 25. e5 Qd8 26. exf6 exf6 27. Rb7 Rf7 28. Rxf7 Kxf7 29. h4 Qxh8 30. Qc4+ Kf8 31. Qc5+ Kg8 32. Qc4+ Kf8 33. Qxa4 Re8 34. Rxe8+ Kxe8 35. Qxc6+ Kf7 36. Qb7+ Kg8 37. Qa8+ Kg7 38. Qa7+ Kg8 39. Qxa5 Qg7 40. h5 gxh5 41. Qxh5 Qg6 42. Qd5+ Qf7 43. Qf5 Kg7 44. g3 Qg6 45. Qd7+ Qf7 46. Qd4 Qe6 47. Kg2 h5 48. Qa7+ Kg6 49. Qa8 Kg7 50. Qa5 Kg6 51. Qc5 h4 52. Qc2+ Qf5 53. Qc4 hxg3 54. Qg8+ Kh6 55. Qh8+ Kg6 56. Qg8+ Kh6 57. fxg3 Qe4+ 58. Kh2 Qe2+ 59. Kh3 Qh5+ 60. Kg2 Qe2+ 61. Kh3 Qh5+ 62. Kg2 Qe2+ 63. Kh3 1/2-1/2


[Site "https://www.chess.com"]

[Event "Titled Tuesday Blitz March 21 Early 2023"]
[White "Bachmann, Axel"]
[Black "Svane, Rasmus"]
[WhiteFideId "3700488"]
[BlackFideId "4657101"]
[WhiteElo "2605"]
[BlackElo "2597"]
[Result "1/2-1/2"]
[Round "04"]
[TimeControl "180+2"]
[Date "2023.03.21"]
[WhiteClock "0:00:24"]
[BlackClock "0:00:08"]

1. c4 Nf6 2. Nc3 e5 3. Nf3 Nc6 4. e3 Bb4 5. Qc2 Bxc3 6. Qxc3 Qe7 7. d4 Ne4 8. Qd3 exd4 9. Nxd4 Nc5 10. Qd1 Nxd4 11. Qxd4 O-O 12. b4 Ne6 13. Qc3 b6 14. Be2 Bb7 15. O-O a5 16. b5 f5 17. f3 Rae8 18. a4 Rf6 19. Ra2 Rh6 20. Rf2 d6 21. Bd3 Rf6 22. Rae2 Nc5 23. Bc2 Qe5 24. Qxe5 dxe5 25. Rd2 Rf7 26. Ba3 g6 27. Rf1 f4 28. Bxc5 bxc5 29. Re1 Rfe7 30. Be4 Bxe4 31. fxe4 c6 32. bxc6 Rc8 33. Rd6 Rec7 34. exf4 exf4 35. Rb1 Rxc6 36. Rxc6 Rxc6 37. Rb5 Kf7 38. Rxa5 Ke6 39. Kf2 Ke5 40. Kf3 g5 41. h3 Kd4 42. Ra7 h6 43. Rd7+ Kxc4 44. e5 Kb4 45. Rd6 Rc8 46. e6 c4 47. e7 Re8 48. Rd7 c3 49. Rc7 Kb3 50. Ke2 c2 51. Kd2 Kxa4 52. Kxc2 Kb5 53. Kd3 Kb6 54. Rd7 Kc6 55. Ra7 Kd6 56. Ke4 Rxe7+ 57. Rxe7 Kxe7 58. Kf5 Kf7 59. h4 gxh4 60. Kxf4 h3 61. gxh3 Kg6 62. h4 Kh5 63. Kg3 Kg6 64. h5+ Kxh5 65. Kh3 Kg6 66. Kh2 h5 67. Kh1 h4 68. Kh2 h3 69. Kxh3 1/2-1/2


[Site "https://www.chess.com"]

[Event "Titled Tuesday Blitz March 21 Early 2023"]
[White "Movahed, Sina"]
[Black "Lazavik, Denis"]
[WhiteFideId "42520835"]
[BlackFideId "13515110"]
[WhiteElo "2225"]
[BlackElo "2560"]
[Result "1/2-1/2"]
[Round "04"]
[TimeControl "180+2"]
[Date "2023.03.21"]
[WhiteClock "0:00:13"]
[BlackClock "0:00:15"]

1. e4 c5 2. Nf3 e6 3. d4 cxd4 4. Nxd4 Nc6 5. Nc3 Qc7 6. Be3 a6 7. Be2 Nf6 8. O-O Be7 9. f4 d6 10. Bf3 O-O 11. g4 Nxd4 12. Bxd4 e5 13. Bf2 exf4 14. g5 Nd7 15. Nd5 Qd8 16. h4 Ne5 17. Bb6 Qd7 18. Nxf4 Bd8 19. Bd4 Qc6 20. Nd5 Be6 21. Bg2 Rc8 22. c3 Bxd5 23. exd5 Qd7 24. Kh2 Rb8 25. a4 f5 26. Bxe5 dxe5 27. d6 Kh8 28. Qd5 Bb6 29. Qxe5 Rbe8 30. Qd5 f4 31. Qxb7 Qxd6 32. Rf3 Re2 33. Raf1 Be3 34. Kh1 Qd2 35. Rg3 Rd8 36. Qf3 Re1 37. Rh3 Rxf1+ 38. Bxf1 Qxb2 39. g6 Qxc3 40. Qxf4 Qc6+ 41. Qf3 Qxf3+ 42. Rxf3 Bd4 43. gxh7 Kxh7 44. Bxa6 Bf6 45. h5 Rd4 46. a5 Kh6 47. Be2 Ra4 48. a6 Ra2 49. Re3 Kg5 50. Re4 Kf5 51. Bd3 Kg5 52. Be2 Kf5 53. Re8 Kf4 54. Kg2 Be5 55. Kf1 Ra1+ 56. Kg2 Ra2 57. Kf2 Bd4+ 58. Ke1 Be3 59. Kd1 Rd2+ 60. Ke1 Ra2 61. Bc4 Ra4 62. Ke2 Bc5 63. Bd3 Ra2+ 64. Kd1 Be3 65. Bc2 Ra1+ 66. Ke2 Bc5 67. Re4+ Kg3 68. Rc4 Be7 69. Bd3 Rxa6 70. Rc7 Ra2+ 71. Ke3 Bf6 72. Rc4 Ra5 73. Bg6 Bg5+ 74. Kd3 Bf6 75. Re4 Rg5 76. Re3+ Kh4 77. Re4+ Rg4 78. Rxg4+ Kxg4 79. Ke4 Kg5 80. Kd5 Kh6 81. Ke6 Bg5 82. Kd7 Bf6 83. Kc6 Bg5 84. Kd5 Bf6 85. Kc6 Bg5 86. Kd5 Bf6 1/2-1/2


[Site "https://www.chess.com"]

[Event "Titled Tuesday Blitz March 21 Early 2023"]
[White "Bortnyk, Olexandr"]
[Black "Mitrabha, Guha"]
[WhiteFideId "14120828"]
[BlackFideId "5057000"]
[WhiteElo "2734"]
[BlackElo "2507"]
[Result "1/2-1/2"]
[Round "04"]
[TimeControl "180+2"]
[Date "2023.03.21"]
[WhiteClock "0:00:23"]
[BlackClock "0:00:06"]

1. d4 Nf6 2. Nc3 d5 3. Bf4 c5 4. e4 Nxe4 5. Nxe4 dxe4 6. dxc5 Qa5+ 7. c3 Qxc5 8. Qa4+ Nc6 9. Qxe4 g6 10. Nf3 Bg7 11. Rd1 O-O 12. Be3 Qa5 13. Bc4 Bf5 14. Qh4 Rad8 15. O-O Rxd1 16. Rxd1 Rd8 17. Re1 h5 18. h3 Ne5 19. Nxe5 Qxe5 20. Bd2 Bf6 21. Rxe5 Bxh4 22. Rd5 Rxd5 23. Bxd5 Bc8 24. Be3 a6 25. Bb6 Bf6 26. Kf1 Be5 27. Ke2 Kf8 28. Kd3 e6 29. Bf3 Ke7 30. b4 h4 31. a4 g5 32. c4 f5 33. b5 axb5 34. cxb5 Bd6 35. Kc4 e5 36. Bd5 g4 37. a5 Bb8 38. Kb4 Bd6+ 39. Bc5 Kd7 40. b6 Ke7 41. a6 bxa6 42. b7 Bxb7 43. Bxb7 a5+ 44. Kb5 Bxc5 45. Kxc5 gxh3 46. gxh3 Kf6 47. Bc6 Kg5 48. Kc4 e4 49. Kc3 Kf4 50. Kd2 Kf3 51. Ke1 a4 52. Bxa4 e3 53. Bc6+ Kf4 54. f3 Kg3 55. Ke2 f4 56. Bd7 Kg2 57. Bg4 Kg1 58. Bc8 Kg2 59. Bd7 Kg1 60. Bb5 Kg2 61. Bd7 Kg1 62. Bg4 Kg2 63. Bf5 Kg1 64. Bg4 Kg2 65. Bf5 Kg1 66. Bg4 1/2-1/2


[Site "https://www.chess.com"]

[Event "Titled Tuesday Blitz March 21 Early 2023"]
[White "Howell, David W L"]
[Black "Vasquez Schroeder, Rodrigo"]
[WhiteFideId "410608"]
[BlackFideId "3400042"]
[WhiteElo "2567"]
[BlackElo "2600"]
[Result "1/2-1/2"]
[Round "04"]
[TimeControl "180+2"]
[Date "2023.03.21"]
[WhiteClock "0:00:04"]
[BlackClock "0:00:20"]

1. d4 d5 2. Nf3 Nf6 3. g3 g6 4. Bg2 Bg7 5. c4 dxc4 6. Na3 O-O 7. O-O Nc6 8. Nxc4 Be6 9. b3 Bd5 10. Bb2 a5 11. Ne3 Be4 12. a3 e6 13. Rc1 Ne7 14. Nc4 Nf5 15. e3 Bd5 16. Qe2 c6 17. Rfd1 Qe7 18. Bh3 Bxf3 19. Qxf3 Rfd8 20. e4 Nh6 21. Qe2 Kh8 22. Bg2 Nhg8 23. Rc2 Ne8 24. a4 Qc7 25. Qe3 Ngf6 26. Ba3 Kg8 27. h3 Bf8 28. Bc1 Nd7 29. Qe2 Nb6 30. Bf4 Nd6 31. Kh2 Be7 32. Qe1 Rd7 33. Ne5 Rdd8 34. Nc4 Rdc8 35. Ra1 Nbxc4 36. bxc4 Qd8 37. c5 Ne8 38. Be3 Nc7 39. Rb2 Ra7 40. Rab1 e5 41. dxe5 Ne6 42. Qc3 Qc7 43. f4 Rd8 44. Bf1 Rd7 45. Rc1 Ra8 46. Rd2 Rad8 47. Rxd7 Rxd7 48. Be2 Qd8 49. Kg2 Nd4 50. Bd1 Nb5 51. axb5 Rxd1 52. Rxd1 Qxd1 53. bxc6 Qe2+ 54. Bf2 Qxe4+ 55. Kg1 Qxc6 56. Qxa5 Qd5 57. Qc3 h5 58. Qd4 Qc6 59. Qd3 Bxc5 60. Bxc5 Qxc5+ 61. Kg2 Qc6+ 62. Kf2 Kf8 63. Qd8+ Kg7 64. Qd4 Qc2+ 65. Kf3 Qb3+ 66. Kf2 Qe6 67. Kg2 b5 68. Qb2 Qd5+ 69. Kh2 Kg8 70. g4 hxg4 71. hxg4 Qc4 72. Kg3 b4 73. Kf3 g5 74. fxg5 Kh7 75. Qh2+ Kg8 76. Qb2 Kh7 77. Qh2+ Kg8 78. Qb2 1/2-1/2


[Site "https://www.chess.com"]

[Event "Titled Tuesday Blitz March 21 Early 2023"]
[White "Nogerbek, Kazybek"]
[Black "Le, Tuan Minh"]
[WhiteFideId "13710427"]
[BlackFideId "12401153"]
[WhiteElo "2501"]
[BlackElo "2558"]
[Result "0-1"]
[Round "04"]
[TimeControl "180+2"]
[Date "2023.03.21"]
[WhiteClock "0:00:01"]
[BlackClock "0:00:11"]

1. d4 d5 2. Nf3 Nf6 3. c4 c6 4. e3 Bf5 5. Nc3 e6 6. Nh4 Be4 7. f3 Bg6 8. Qb3 Qc7 9. Bd2 Be7 10. Nxg6 hxg6 11. O-O-O dxc4 12. Bxc4 b5 13. Be2 a6 14. h4 c5 15. dxc5 Nbd7 16. Kb1 Nxc5 17. Qc2 Rc8 18. Rc1 O-O 19. b4 Ncd7 20. Qb2 Qg3 21. Bf1 Nb6 22. Be1 Qe5 23. e4 Nc4 24. Bxc4 Rxc4 25. Ne2 Qc7 26. a3 Rc8 27. Bc3 Nh5 28. Bd2 Bf6 29. Qb3 Ng3 30. Bf4 Nxe2 31. Bxc7 Nc3+ 32. Ka1 R8xc7 33. Rce1 Nxe4+ 34. Ka2 Nd2 35. Qd3 Rc2+ 0-1


[Site "https://www.chess.com"]

[Event "Titled Tuesday Blitz March 21 Early 2023"]
[White "Paravyan, David"]
[Black "Svane, Frederik"]
[WhiteFideId "4194985"]
[BlackFideId "12923044"]
[WhiteElo "2577"]
[BlackElo "2502"]
[Result "1-0"]
[Round "04"]
[TimeControl "180+2"]
[Date "2023.03.21"]
[WhiteClock "0:00:16"]
[BlackClock "0:00:03"]

1. Nf3 d5 2. d4 Nf6 3. c4 e6 4. Nc3 Nbd7 5. cxd5 exd5 6. Bg5 Bb4 7. e3 h6 8. Bxf6 Bxc3+ 9. bxc3 Nxf6 10. Bd3 O-O 11. O-O c5 12. dxc5 Qc7 13. Qb3 Qxc5 14. Qb4 b6 15. Rfb1 Qc7 16. a4 Bd7 17. a5 Rab8 18. axb6 axb6 19. h3 Rfc8 20. Ra3 Qc5 21. Ne5 Be6 22. Ba6 Rc7 23. Qxc5 Rxc5 24. Rab3 Ne4 25. Rxb6 Rxb6 26. Rxb6 Rxc3 27. Rb1 g6 28. Nf3 Nc5 29. Be2 Rc2 30. Nd4 Rd2 31. Rb6 Ne4 32. Bf3 Nxf2 33. Nxe6 fxe6 34. Rxe6 Kg7 35. Rd6 Nd1 36. e4 d4 37. e5 Ne3 38. Rd7+ Kf8 39. e6 Nf5 40. Rf7+ Ke8 41. Bc6+ Kd8 42. Rd7+ Kc8 43. Bb7+ Kb8 44. e7 Ng7 45. Bf3 d3 46. Rd8+ Kc7 47. Rg8 Kd7 48. Rxg7 Rb2 49. Bc6+ 1-0


[Site "https://www.chess.com"]